 Dungeon Sprint DCSS version 0.16-b1 (webtiles) character file.

210 Medar the Basher (level 5, -11/59 HPs)
             Began as an Ogre Chaos Knight on Mar 4, 2015.
             Mangled by a slime creature (21 damage)
             ... in the Dungeon (Sprint I: "Red Sonja").
             The game lasted 00:01:18 (514 turns).

Medar the Basher (Ogre Chaos Knight)                 Turns: 514, Time: 00:01:18

Health: -11/59     AC:  0    Str: 18    XL:     5   Next: 88%
Magic:  5/5        EV: 10    Int: 11    God:    Xom [..*...]
Gold:   162        SH:  0    Dex:  9    Spells: 0 memorised, 4 levels left

rFire  . . .     SeeInvis .     e - +0 giant club
rCold  . . .     Clarity  .     b - +2 robe
rNeg   . . .     SustAb   .     (shield restricted)
rPois  .         Gourm    .     (helmet restricted)
rElec  .         Spirit   .     (no cloak)
rCorr  .         Warding  .     (gloves unavailable)
rMut   .         NoTele   +     (boots unavailable)
MR     .....                    (no amulet)
Stlth  +.........               (no ring)
                                (no ring)

@: corroded equipment, not resistant to hostile enchantments, very unstealthy
A: unfitting armour, tough skin 1
a: Renounce Religion


You were in the Dungeon.
You worshipped Xom.
You were a toy of Xom.
You were not hungry.

You visited 1 branch You collected 162 gold pieces.

Inventory:

Hand weapons
 a - a +0 mace of chaos
 e - a +0 giant club (weapon)
Armour
 b - a +2 robe (worn)
Magical devices
 h - a wand of flame (16)
Scrolls
 i - a scroll of blinking
 j - a scroll of amnesia {unknown}
Potions
 d - a potion of curing {@q1}
 f - a potion of haste
 g - 2 potions of magic
Comestibles
 c - a meat ration


   Skills:
 + Level 5.8 Fighting
 * Level 13.6 Maces & Flails
 - Level 1.9 Armour
 - Level 2.9 Dodging


You had 4 spell levels left.
You didn't know any spells.

Dungeon Overview and Level Annotations

Branches:
Dungeon (1/1)

Altars:
Cheibriados
Dithmenos
Fedhas
Sif Muna
Vehumet
Jiyva


Innate Abilities, Weirdness & Mutations

You are too large for most types of armour.
You have tough skin (AC +1).


Message History

The slime creature is lightly wounded.
The slime creature closely misses you.
You sock the slime creature!
The slime creature is moderately wounded.
The slime creature hits you!
You bludgeon the slime creature!!
The slime creature is almost dead.
The slime creature hits you!!
You are too injured to fight recklessly!
You are too injured to fight recklessly!
You barely miss the slime creature.
The slime creature is almost dead.
The slime creature hits you!
* * * LOW HITPOINT WARNING * * *
A shower of butterflies erupts from you!
You barely miss the slime creature.
The slime creature is almost dead.
The slime creature hits you!!
You die...
Xom chuckles heartily!

###################
#<.#..'÷.#..'..#b_#
KK
#..').#..').#..@bb+J
G
#..#####'#####b#J_#
#..# #..# #[####
#..# #### ##.# c
#..# #..+ y #⌠⌠# Y
+..._# c #### #_.#+#
##+


P You could see a slime creature.

Vanquished Creatures
  An ogre (D)
  Sigmund (D)
  A jelly (D)
  Ijyb (D)
4 creatures vanquished.

Vanquished Creatures (others)
  A gargoyle (D)
1 creature vanquished.

Grand Total: 5 creatures vanquished

Notes
Turn   | Place    | Note
--------------------------------------------------------------
     0 | D        | Medar, the Ogre Chaos Knight, began the quest for the Orb.
     0 | D        | Reached XP level 1. HP: 24/24 MP: 1/1
     1 | D        | Noticed Ijyb
    17 | D        | Killed Ijyb
    17 | D        | Reached skill level 5 in Fighting
    17 | D        | Reached skill level 5 in Maces & Flails
    17 | D        | Reached skill level 1 in Armour
    17 | D        | Reached XP level 2. HP: 14/35 MP: 2/2
   209 | D        | Noticed an ogre
   214 | D        | XOM: butterfly on damage
   217 | D        | Killed an ogre
   217 | D        | Reached skill level 11 in Maces & Flails
   217 | D        | Reached XP level 3. HP: 21/42 MP: 3/3
   217 | D        | Reached XP level 4. HP: 25/50 MP: 4/4
   272 | D        | XOM: divination: detect creatures
   410 | D        | Noticed Sigmund
   416 | D        | Killed Sigmund
   416 | D        | Reached skill level 13 in Maces & Flails
   416 | D        | Reached XP level 5. HP: 43/57 MP: 5/5
   476 | D        | Killed a gargoyle
   496 | D        | Found a deep blue altar of Sif Muna.
   497 | D        | Noticed a jelly
   498 | D        | Found a radiant altar of Vehumet.
   502 | D        | Killed a jelly
   508 | D        | Found a viscous altar of Jiyva.
   508 | D        | Found a blossoming altar of Fedhas.
   508 | D        | Noticed a slime creature
   509 | D        | Found a snail-covered altar of Cheibriados.
   509 | D        | Found a shadowy altar of Dithmenos.
   513 | D        | XOM: butterfly on damage
   514 | D        | Mangled by a slime creature

Action                   |  1- 3 |  4- 6 || total
-------------------------+-------+-------++-------
Melee: Mace              |    21 |       ||    21
       Giant club        |       |    12 ||    12
  Use: Potion            |     2 |       ||     2
